2337 views
Uploaded 2024-11-15 05:22:59
Game version 1.36 (6115)
43:00 long 4on4 ladder game on (8)FullScaleAssault
Saved by Cabeelibob
2337 views
Uploaded 2024-11-15 05:22:59
Game version 1.36 (6115)
43:00 long 4on4 ladder game on (8)FullScaleAssault


152 units @ 15.1k
/ 2.5k
188 buildings @ 14.5k
/ 7.1k
uhhwats
(11)
(42:52) : 
| Peasant | 16 | 1200 | / | 0 |
| Flying Machine | 6 | 600 | / | 180 |
| Goblin Shredder | 2 | 750 | / | 200 |
| total: | 24 | 2550g | / | 380w |
| Scout Tower | 50 | 1500 | / | 1000 |
| Arcane Tower | 2 | 140 | / | 100 |
| Guard Tower | 22 | 1540 | / | 1100 |
| Altar of Kings | 2 | 360 | / | 100 |
| Farm | 8 | 640 | / | 160 |
| Lumber Mill | 3 | 360 | / | 0 |
| Town Hall | 2 | 770 | / | 410 |
| Blacksmith | 1 | 140 | / | 60 |
| Workshop | 2 | 280 | / | 280 |
| Keep | 2 | 640 | / | 420 |
| total: | 68 | 4050g | / | 2010w |
| 0:02 | Peasant |
| 0:02 | Peasant |
| 0:08 | Altar of Kings |
| 0:22 | Farm |
| 0:24 | Peasant |
| 0:34 | Peasant |
| 0:39 | Lumber Mill |
| 0:45 | Lumber Mill |
| 0:47 | Peasant |
| 1:04 | Scout Tower |
| 1:06 | Peasant |
| 1:18 | Scout Tower |
| 1:20 | Peasant |
| 1:29 | Farm |
| 1:35 | Arcane Tower |
| 1:38 | Peasant |
| 2:06 | Peasant |
| 2:11 | Storm Bolt |
| 2:40 | Scout Tower |
| 2:42 | Guard Tower |
| 3:09 | Guard Tower |
| 3:25 | Scout Tower |
| 3:28 | Scout Tower |
| 3:29 | Scout Tower |
| 3:29 | Scout Tower |
| 3:31 | Scout Tower |
| 3:32 | Scout Tower |
| 3:33 | Scout Tower |
| 3:33 | Scout Tower |
| 3:34 | Scout Tower |
| 3:39 | Peasant |
| 3:40 | Peasant |
| 3:42 | Improved Lumber Harvesting |
| 3:55 | Arcane Tower |
| 3:56 | Guard Tower |
| 3:58 | Guard Tower |
| 3:59 | Guard Tower |
| 4:00 | Guard Tower |
| 4:08 | Improved Masonry |
| 4:13 | Peasant |
| 4:23 | Guard Tower |
| 4:27 | Guard Tower |
| 4:34 | Guard Tower |
| 4:41 | Peasant |
| 4:41 | Peasant |
| 4:52 | Guard Tower |
| 4:54 | Guard Tower |
| 5:15 | Scout Tower |
| 5:16 | Scout Tower |
| 5:16 | Scout Tower |
| 5:40 | Town Hall |
| 5:49 | Farm |
| 5:52 | Keep |
| 6:10 | Guard Tower |
| 6:12 | Guard Tower |
| 6:25 | Bash |
| 6:29 | Advanced Masonry |
| 6:38 | Guard Tower |
| 6:43 | Scout Tower |
| 6:43 | Scout Tower |
| 6:57 | Scout Tower |
| 6:58 | Scout Tower |
| 6:59 | Scout Tower |
| 6:59 | Scout Tower |
| 7:00 | Scout Tower |
| 7:01 | Scout Tower |
| 7:02 | Scout Tower |
| 7:03 | Scout Tower |
| 7:11 | Guard Tower |
| 7:15 | Peasant |
| 7:15 | Peasant |
| 7:21 | Farm |
| 7:22 | Farm |
| 7:28 | Farm |
| 7:30 | Farm |
| 7:37 | Guard Tower |
| 7:39 | Guard Tower |
| 7:47 | Blacksmith |
| 8:03 | Guard Tower |
| 8:38 | Scout Tower |
| 8:40 | Scout Tower |
| 8:43 | Scout Tower |
| 8:44 | Scout Tower |
| 9:08 | Guard Tower |
| 9:21 | Scout Tower |
| 9:38 | Scout Tower |
| 9:38 | Scout Tower |
| 9:41 | Guard Tower |
| 10:07 | Guard Tower |
| 10:31 | Guard Tower |
| 10:41 | Workshop |
| 11:05 | Advanced Lumber Harvesting |
| 11:07 | Imbued Masonry |
| 11:15 | Farm |
| 11:42 | Workshop |
| 12:09 | Goblin Shredder |
| 12:21 | Black Gunpowder |
| 13:16 | Scout Tower |
| 13:17 | Scout Tower |
| 13:18 | Scout Tower |
| 13:18 | Scout Tower |
| 13:19 | Scout Tower |
| 13:20 | Scout Tower |
| 13:20 | Scout Tower |
| 13:21 | Scout Tower |
| 13:22 | Scout Tower |
| 13:24 | Scout Tower |
| 13:25 | Scout Tower |
| 13:26 | Scout Tower |
| 13:27 | Scout Tower |
| 13:27 | Scout Tower |
| 13:28 | Scout Tower |
| 13:30 | Scout Tower |
| 13:31 | Scout Tower |
| 13:32 | Scout Tower |
| 20:34 | Town Hall |
| 24:42 | Keep |
| 24:45 | Altar of Kings |
| 26:23 | Goblin Shredder |
| 33:48 | Lumber Mill |
| 35:08 | Flying Machine |
| 35:08 | Flying Machine |
| 35:09 | Flying Machine |
| 42:24 | Flying Machine |
| 42:25 | Flying Machine |
| 42:26 | Flying Machine |
| Right click | 2100 |
| Select group | 1647 |
| Select | 402 |
| Resource trade | 80 |
| Build/train/purchase | 62 |
| Assign group | 31 |
| Use ability | 8 |
| Minimap ping | 7 |
| Misc. action | 5 |
| Remove unit | 2 |
DudeWhy
(236)
(42:52) : 


| Boots of Speed | 2 | 500 |
| total: | 2 | 500g |
| Peasant | 23 | 1725 | / | 0 |
| Mortar Team | 3 | 540 | / | 210 |
| Flying Machine | 29 | 2900 | / | 870 |
| Dragonhawk Rider | 4 | 800 | / | 120 |
| Goblin Shredder | 1 | 375 | / | 100 |
| Goblin Zeppelin | 2 | 480 | / | 120 |
| total: | 62 | 6820g | / | 1420w |
| Scout Tower | 47 | 1410 | / | 940 |
| Arcane Tower | 2 | 140 | / | 100 |
| Guard Tower | 14 | 980 | / | 700 |
| Altar of Kings | 2 | 360 | / | 100 |
| Farm | 15 | 1200 | / | 300 |
| Lumber Mill | 1 | 120 | / | 0 |
| Town Hall | 4 | 1540 | / | 820 |
| Blacksmith | 1 | 140 | / | 60 |
| Arcane Vault | 1 | 130 | / | 30 |
| Workshop | 2 | 280 | / | 280 |
| Gryphon Aviary | 1 | 140 | / | 150 |
| Keep | 1 | 320 | / | 210 |
| Castle | 1 | 360 | / | 210 |
| total: | 74 | 5320g | / | 2680w |
| 0:04 | Peasant |
| 0:16 | Peasant |
| 0:18 | Altar of Kings |
| 0:32 | Peasant |
| 0:35 | Farm |
| 0:50 | Peasant |
| 0:55 | Lumber Mill |
| 0:57 | Peasant |
| 1:03 | Scout Tower |
| 1:05 | Peasant |
| 1:24 | Peasant |
| 1:30 | Farm |
| 1:31 | Farm |
| 1:33 | Peasant |
| 1:37 | Arcane Tower |
| 1:39 | Peasant |
| 1:51 | Peasant |
| 1:59 | Improved Lumber Harvesting |
| 2:11 | Peasant |
| 2:18 | Storm Bolt |
| 2:28 | Scout Tower |
| 2:57 | Guard Tower |
| 2:59 | Scout Tower |
| 2:59 | Scout Tower |
| 3:25 | Town Hall |
| 3:32 | Scout Tower |
| 3:45 | Scout Tower |
| 3:47 | Scout Tower |
| 3:47 | Scout Tower |
| 4:04 | Arcane Tower |
| 4:15 | Improved Masonry |
| 4:30 | Guard Tower |
| 4:33 | Keep |
| 5:00 | Guard Tower |
| 5:05 | Scout Tower |
| 5:13 | Peasant |
| 5:14 | Peasant |
| 5:26 | Scout Tower |
| 5:26 | Scout Tower |
| 5:39 | Peasant |
| 5:50 | Guard Tower |
| 5:51 | Scout Tower |
| 6:09 | Scout Tower |
| 6:09 | Scout Tower |
| 6:10 | Scout Tower |
| 6:11 | Scout Tower |
| 6:14 | Peasant |
| 6:33 | Bash |
| 6:36 | Bash |
| 6:41 | Scout Tower |
| 6:42 | Scout Tower |
| 6:44 | Guard Tower |
| 6:46 | Scout Tower |
| 6:46 | Scout Tower |
| 6:47 | Scout Tower |
| 6:53 | Peasant |
| 6:53 | Peasant |
| 7:33 | Guard Tower |
| 7:36 | Goblin Shredder |
| 7:44 | Guard Tower |
| 7:52 | Scout Tower |
| 7:53 | Scout Tower |
| 7:54 | Scout Tower |
| 8:07 | Holy Light |
| 8:11 | Advanced Lumber Harvesting |
| 8:11 | Advanced Masonry |
| 8:15 | Guard Tower |
| 8:20 | Guard Tower |
| 8:21 | Scout Tower |
| 8:35 | Scout Tower |
| 8:36 | Scout Tower |
| 8:55 | Blacksmith |
| 9:36 | Castle |
| 9:42 | Guard Tower |
| 9:44 | Scout Tower |
| 9:45 | Scout Tower |
| 9:53 | Guard Tower |
| 9:57 | Scout Tower |
| 9:57 | Scout Tower |
| 10:20 | Black Gunpowder |
| 10:21 | Workshop |
| 11:00 | Workshop |
| 11:26 | Farm |
| 11:27 | Farm |
| 11:31 | Refined Gunpowder |
| 11:57 | Goblin Zeppelin |
| 12:04 | Guard Tower |
| 12:07 | Farm |
| 12:09 | Farm |
| 12:10 | Fragmentation Shards |
| 12:10 | Flare |
| 12:11 | Mortar Team |
| 12:12 | Mortar Team |
| 12:39 | Scout Tower |
| 12:40 | Scout Tower |
| 12:41 | Scout Tower |
| 12:41 | Scout Tower |
| 12:42 | Scout Tower |
| 12:43 | Scout Tower |
| 12:49 | Farm |
| 12:50 | Farm |
| 12:52 | Farm |
| 13:16 | Mortar Team |
| 13:28 | Gryphon Aviary |
| 13:31 | Arcane Vault |
| 13:38 | Guard Tower |
| 13:40 | Imbued Masonry |
| 14:11 | Town Hall |
| 14:16 | Guard Tower |
| 15:10 | Imbued Gunpowder |
| 15:11 | Studded Leather Armor |
| 15:15 | Storm Bolt |
| 15:16 | Storm Bolt |
| 15:17 | Divine Shield |
| 15:54 | Peasant |
| 17:13 | Flak Cannons |
| 17:13 | Flying Machine Bombs |
| 17:40 | Flying Machine |
| 17:41 | Flying Machine |
| 17:41 | Flying Machine |
| 17:41 | Flying Machine |
| 17:52 | Flying Machine |
| 17:52 | Flying Machine |
| 17:52 | Flying Machine |
| 17:53 | Flying Machine |
| 17:56 | Flying Machine |
| 18:20 | Storm Bolt |
| 18:22 | Bash |
| 19:21 | Flying Machine |
| 19:21 | Flying Machine |
| 19:21 | Flying Machine |
| 19:21 | Flying Machine |
| 19:21 | Flying Machine |
| 19:22 | Flying Machine |
| 19:22 | Flying Machine |
| 20:23 | Altar of Kings |
| 20:32 | Farm |
| 20:32 | Farm |
| 20:32 | Farm |
| 20:33 | Farm |
| 20:33 | Farm |
| 20:39 | Holy Light |
| 20:40 | Divine Shield |
| 20:41 | Bash |
| 20:42 | Holy Light |
| 21:32 | Cloud |
| 21:32 | Dragonhawk Rider |
| 21:32 | Dragonhawk Rider |
| 21:42 | Bash |
| 21:44 | Storm Bolt |
| 21:46 | Divine Shield |
| 21:53 | Reinforced Leather Armor |
| 22:07 | Scout Tower |
| 22:07 | Scout Tower |
| 22:08 | Scout Tower |
| 22:08 | Scout Tower |
| 22:11 | Scout Tower |
| 22:11 | Scout Tower |
| 22:13 | Scout Tower |
| 22:13 | Scout Tower |
| 22:33 | Brilliance Aura |
| 24:19 | Storm Bolt |
| 24:21 | Holy Light |
| 25:22 | Blizzard |
| 25:25 | Storm Bolt |
| 26:26 | Scout Tower |
| 26:26 | Scout Tower |
| 26:40 | Town Hall |
| 27:17 | Peasant |
| 27:18 | Peasant |
| 27:18 | Peasant |
| 27:19 | Peasant |
| 27:19 | Peasant |
| 27:36 | Flying Machine |
| 27:36 | Flying Machine |
| 27:36 | Flying Machine |
| 27:37 | Flying Machine |
| 28:34 | Holy Light |
| 28:36 | Avatar |
| 29:11 | Resurrection |
| 30:29 | Avatar |
| 30:50 | Goblin Zeppelin |
| 33:11 | Avatar |
| 34:46 | Brilliance Aura |
| 36:09 | Bash |
| 36:33 | Flying Machine |
| 36:33 | Flying Machine |
| 36:33 | Flying Machine |
| 36:33 | Flying Machine |
| 36:33 | Flying Machine |
| 36:33 | Flying Machine |
| 36:34 | Flying Machine |
| 37:38 | Resurrection |
| 38:26 | Boots of Speed |
| 38:26 | Boots of Speed |
| 39:12 | Bash |
| 40:05 | Divine Shield |
| 40:48 | Bash |
| 41:32 | Divine Shield |
| 41:50 | Town Hall |
| 42:12 | Dragonhawk Rider |
| 42:12 | Dragonhawk Rider |
| 42:36 | Flying Machine |
| 42:36 | Flying Machine |
| Right click | 2249 |
| Select group | 792 |
| Select | 461 |
| Use ability | 187 |
| Build/train/purchase | 178 |
| Misc. action | 96 |
| Resource trade | 78 |
| Esc | 23 |
| Minimap ping | 15 |
| Assign group | 11 |
| Item give/drop | 1 |


| Peasant | 13 | 975 | / | 0 |
| Flying Machine | 19 | 1900 | / | 570 |
| Mortar Team | 1 | 180 | / | 70 |
| total: | 33 | 3055g | / | 640w |
| Scout Tower | 12 | 360 | / | 240 |
| Arcane Tower | 3 | 210 | / | 150 |
| Guard Tower | 1 | 70 | / | 50 |
| Altar of Kings | 1 | 180 | / | 50 |
| Farm | 11 | 880 | / | 220 |
| Lumber Mill | 1 | 120 | / | 0 |
| Blacksmith | 1 | 140 | / | 60 |
| Workshop | 3 | 420 | / | 420 |
| Arcane Sanctum | 1 | 150 | / | 140 |
| Keep | 1 | 320 | / | 210 |
| Castle | 1 | 360 | / | 210 |
| total: | 30 | 2250g | / | 1130w |
| 0:04 | Peasant |
| 0:05 | Peasant |
| 0:18 | Altar of Kings |
| 0:30 | Peasant |
| 0:32 | Peasant |
| 1:02 | Farm |
| 1:05 | Peasant |
| 1:05 | Peasant |
| 1:13 | Peasant |
| 1:27 | Peasant |
| 1:42 | Farm |
| 1:47 | Peasant |
| 1:57 | Lumber Mill |
| 2:06 | Scout Tower |
| 2:07 | Peasant |
| 2:07 | Peasant |
| 2:28 | Peasant |
| 2:39 | Arcane Tower |
| 2:40 | Peasant |
| 2:56 | Keep |
| 3:04 | Blacksmith |
| 3:10 | Farm |
| 3:16 | Improved Lumber Harvesting |
| 3:34 | Storm Bolt |
| 4:17 | Black Gunpowder |
| 4:18 | Iron Plating |
| 5:01 | Farm |
| 5:02 | Farm |
| 5:17 | Castle |
| 5:24 | Workshop |
| 5:26 | Workshop |
| 5:50 | Refined Gunpowder |
| 5:52 | Improved Masonry |
| 6:21 | Holy Light |
| 6:32 | Flak Cannons |
| 6:40 | Workshop |
| 6:46 | Farm |
| 7:13 | Scout Tower |
| 7:13 | Scout Tower |
| 7:14 | Scout Tower |
| 7:14 | Scout Tower |
| 7:17 | Flying Machine |
| 7:17 | Flying Machine |
| 7:17 | Flying Machine |
| 7:32 | Steel Plating |
| 7:48 | Flying Machine Bombs |
| 7:52 | Farm |
| 8:07 | Flying Machine |
| 8:08 | Flying Machine |
| 8:32 | Scout Tower |
| 8:33 | Scout Tower |
| 8:33 | Scout Tower |
| 8:34 | Scout Tower |
| 8:35 | Scout Tower |
| 8:36 | Scout Tower |
| 8:36 | Scout Tower |
| 8:48 | Advanced Masonry |
| 8:50 | Imbued Gunpowder |
| 9:00 | Mortar Team |
| 9:03 | Flying Machine |
| 9:03 | Flying Machine |
| 9:03 | Flying Machine |
| 9:09 | Farm |
| 9:10 | Farm |
| 9:39 | Flying Machine |
| 9:39 | Flying Machine |
| 9:39 | Flying Machine |
| 9:53 | Guard Tower |
| 9:57 | Arcane Tower |
| 10:07 | Mithril Plating |
| 10:26 | Flying Machine |
| 10:26 | Flying Machine |
| 10:26 | Flying Machine |
| 10:26 | Flying Machine |
| 10:26 | Flying Machine |
| 10:42 | Imbued Masonry |
| 10:48 | Farm |
| 10:49 | Farm |
| 11:05 | Flying Machine |
| 11:33 | Arcane Sanctum |
| 11:43 | Arcane Tower |
| 11:55 | Flying Machine |
| 11:56 | Flying Machine |
| 11:58 | Fragmentation Shards |
| 11:59 | Flare |
| 13:58 | Divine Shield |
| Right click | 483 |
| Select group | 364 |
| Select | 206 |
| Build/train/purchase | 63 |
| Minimap ping | 39 |
| Assign group | 16 |
| Remove unit | 2 |
| Esc | 2 |
| Use ability | 1 |
Cabeelibob
(194)
(42:53) : 
| Healing Salve | 1 | 100 |
| Lesser Clarity Potion | 8 | 560 |
| Orb of Lightning | 1 | 375 |
| Tiny Great Hall | 3 | 1800 |
| Potion of Mana | 1 | 200 |
| Boots of Speed | 1 | 250 |
| Staff of Teleportation | 1 | 150 |
| total: | 16 | 3435g |
| Peon | 30 | 2250 | / | 0 |
| Troll Witch Doctor | 3 | 435 | / | 75 |
| total: | 33 | 2685g | / | 75w |
| Watch Tower | 4 | 440 | / | 320 |
| Altar of Storms | 2 | 360 | / | 100 |
| Orc Burrow | 4 | 640 | / | 160 |
| War Mill | 1 | 205 | / | 0 |
| Great Hall | 2 | 770 | / | 370 |
| Voodoo Lounge | 1 | 130 | / | 30 |
| Spirit Lodge | 2 | 300 | / | 300 |
| Stronghold | 1 | 315 | / | 190 |
| Fortress | 1 | 325 | / | 190 |
| total: | 16 | 2845g | / | 1280w |
| 0:05 | Altar of Storms |
| 0:08 | Orc Burrow |
| 0:09 | Peon |
| 0:09 | Peon |
| 0:25 | Peon |
| 0:25 | Peon |
| 0:59 | War Mill |
| 1:09 | Peon |
| 1:25 | Peon |
| 1:40 | Peon |
| 1:51 | Peon |
| 1:51 | Peon |
| 2:08 | Wind Walk |
| 2:16 | Peon |
| 2:16 | Peon |
| 3:13 | Great Hall |
| 3:44 | Orc Burrow |
| 3:47 | Watch Tower |
| 3:52 | Boots of Speed |
| 3:52 | Staff of Teleportation |
| 4:32 | Watch Tower |
| 4:41 | Peon |
| 4:41 | Peon |
| 4:41 | Peon |
| 4:42 | Peon |
| 5:02 | Critical Strike |
| 5:47 | Watch Tower |
| 6:06 | Watch Tower |
| 6:54 | Spiked Barricades |
| 7:03 | Voodoo Lounge |
| 8:29 | Stronghold |
| 9:20 | Healing Salve |
| 9:25 | Lesser Clarity Potion |
| 11:49 | Fortress |
| 13:58 | Lesser Clarity Potion |
| 15:21 | Critical Strike |
| 15:53 | Orc Burrow |
| 15:56 | Spirit Lodge |
| 16:11 | Spirit Lodge |
| 16:13 | Orb of Lightning |
| 16:16 | Tiny Great Hall |
| 17:33 | Witch Doctor Adept Training |
| 17:39 | Lesser Clarity Potion |
| 17:43 | Lesser Clarity Potion |
| 18:13 | Wind Walk |
| 20:07 | Wind Walk |
| 20:32 | Peon |
| 20:32 | Peon |
| 20:32 | Peon |
| 20:32 | Peon |
| 20:34 | Peon |
| 20:41 | Orc Burrow |
| 20:56 | Lesser Clarity Potion |
| 21:32 | Witch Doctor Master Training |
| 22:23 | Altar of Storms |
| 23:52 | Troll Witch Doctor |
| 23:52 | Troll Witch Doctor |
| 23:52 | Troll Witch Doctor |
| 25:44 | Lesser Clarity Potion |
| 29:47 | Tiny Great Hall |
| 30:07 | Great Hall |
| 30:34 | Bladestorm |
| 31:00 | Peon |
| 31:00 | Peon |
| 31:00 | Peon |
| 31:00 | Peon |
| 31:01 | Peon |
| 35:48 | Critical Strike |
| 37:58 | Potion of Mana |
| 38:01 | Lesser Clarity Potion |
| 38:12 | Tiny Great Hall |
| 40:11 | Peon |
| 40:11 | Peon |
| 40:11 | Peon |
| 40:11 | Peon |
| 40:11 | Peon |
| 41:05 | Lesser Clarity Potion |
| 41:40 | Mirror Image |
| Right click | 1663 |
| Select | 207 |
| Misc. action | 187 |
| Select group | 164 |
| Build/train/purchase | 155 |
| Resource trade | 60 |
| Use ability | 25 |
| Chat | 15 |
| Minimap ping | 6 |
| Remove unit | 4 |
| Assign group | 1 |
| Item give/drop | 1 |
| Esc | 1 |
260 units @ 39.5k
/ 6.6k
181 buildings @ 25.4k
/ 13k
TuCkNy
(2)
(42:51) : 


| Scroll of Town Portal | 2 | 700 |
| total: | 2 | 700g |
| Peasant | 36 | 2700 | / | 0 |
| Rifleman | 13 | 2665 | / | 390 |
| Mortar Team | 9 | 1620 | / | 630 |
| Siege Engine | 4 | 780 | / | 240 |
| Goblin Shredder | 1 | 375 | / | 100 |
| total: | 63 | 8140g | / | 1360w |
| Scout Tower | 6 | 180 | / | 120 |
| Arcane Tower | 2 | 140 | / | 100 |
| Altar of Kings | 3 | 540 | / | 150 |
| Farm | 15 | 1200 | / | 300 |
| Blacksmith | 1 | 140 | / | 60 |
| Barracks | 3 | 480 | / | 180 |
| Town Hall | 9 | 3465 | / | 1845 |
| Lumber Mill | 1 | 120 | / | 0 |
| Arcane Vault | 1 | 130 | / | 30 |
| Workshop | 13 | 1820 | / | 1820 |
| Keep | 1 | 320 | / | 210 |
| Castle | 1 | 360 | / | 210 |
| total: | 52 | 8075g | / | 4505w |
| 0:02 | Peasant |
| 0:02 | Peasant |
| 0:15 | Peasant |
| 0:20 | Altar of Kings |
| 0:21 | Peasant |
| 0:36 | Farm |
| 0:37 | Peasant |
| 0:48 | Peasant |
| 1:04 | Blacksmith |
| 1:15 | Peasant |
| 1:17 | Barracks |
| 1:22 | Peasant |
| 1:33 | Farm |
| 1:34 | Peasant |
| 1:38 | Peasant |
| 1:48 | Farm |
| 1:57 | Peasant |
| 1:59 | Peasant |
| 2:20 | Rifleman |
| 2:36 | Farm |
| 2:48 | Rifleman |
| 2:57 | Peasant |
| 3:05 | Farm |
| 3:09 | Storm Bolt |
| 3:45 | Peasant |
| 3:45 | Peasant |
| 3:50 | Bash |
| 3:55 | Town Hall |
| 4:05 | Lumber Mill |
| 4:35 | Rifleman |
| 4:53 | Arcane Vault |
| 5:03 | Peasant |
| 5:20 | Keep |
| 5:26 | Scout Tower |
| 5:34 | Scout Tower |
| 5:38 | Arcane Tower |
| 5:42 | Arcane Tower |
| 6:08 | Farm |
| 6:32 | Barracks |
| 6:33 | Barracks |
| 6:47 | Improved Lumber Harvesting |
| 7:03 | Rifleman |
| 7:06 | Black Gunpowder |
| 7:07 | Studded Leather Armor |
| 7:10 | Farm |
| 7:11 | Farm |
| 7:12 | Farm |
| 7:12 | Farm |
| 7:17 | Storm Bolt |
| 7:42 | Peasant |
| 7:42 | Peasant |
| 7:48 | Advanced Lumber Harvesting |
| 8:17 | Long Rifles |
| 8:17 | Rifleman |
| 8:32 | Peasant |
| 8:32 | Peasant |
| 8:32 | Peasant |
| 8:36 | Rifleman |
| 9:03 | Workshop |
| 9:08 | Workshop |
| 9:21 | Rifleman |
| 9:46 | Workshop |
| 9:50 | Bash |
| 10:13 | Workshop |
| 10:14 | Workshop |
| 11:16 | Peasant |
| 11:16 | Peasant |
| 11:19 | Improved Masonry |
| 11:21 | Castle |
| 11:26 | Refined Gunpowder |
| 11:27 | Reinforced Leather Armor |
| 11:34 | Farm |
| 11:36 | Farm |
| 11:42 | Farm |
| 12:06 | Mortar Team |
| 12:19 | Mortar Team |
| 12:59 | Mortar Team |
| 13:05 | Storm Bolt |
| 13:27 | Siphon Mana |
| 14:24 | Fragmentation Shards |
| 14:27 | Imbued Gunpowder |
| 15:01 | Barrage |
| 15:02 | Siege Engine |
| 15:06 | Farm |
| 15:27 | Siege Engine |
| 16:19 | Iron Plating |
| 18:38 | Rifleman |
| 18:38 | Rifleman |
| 19:01 | Flare |
| 19:01 | Mortar Team |
| 19:23 | Flame Strike |
| 20:23 | Advanced Masonry |
| 20:26 | Dragonhide Armor |
| 21:42 | Imbued Masonry |
| 22:17 | Town Hall |
| 22:23 | Town Hall |
| 22:29 | Town Hall |
| 22:38 | Town Hall |
| 22:48 | Scout Tower |
| 23:00 | Scout Tower |
| 23:05 | Scout Tower |
| 23:22 | Scout Tower |
| 23:27 | Rifleman |
| 23:27 | Rifleman |
| 23:29 | Rifleman |
| 23:30 | Rifleman |
| 23:32 | Steel Plating |
| 23:53 | Goblin Shredder |
| 24:50 | Mithril Plating |
| 24:51 | Iron Forged Swords |
| 25:14 | Town Hall |
| 26:19 | Town Hall |
| 26:22 | Peasant |
| 26:22 | Peasant |
| 26:22 | Peasant |
| 26:22 | Peasant |
| 26:26 | Peasant |
| 26:26 | Peasant |
| 26:26 | Peasant |
| 26:26 | Peasant |
| 26:39 | Siphon Mana |
| 27:04 | Workshop |
| 27:05 | Workshop |
| 27:09 | Workshop |
| 27:42 | Town Hall |
| 27:48 | Peasant |
| 27:49 | Peasant |
| 27:49 | Peasant |
| 27:49 | Peasant |
| 27:49 | Peasant |
| 28:00 | Workshop |
| 28:48 | Workshop |
| 28:51 | Workshop |
| 28:54 | Workshop |
| 28:56 | Workshop |
| 29:12 | Mortar Team |
| 29:21 | Altar of Kings |
| 29:28 | Mortar Team |
| 30:09 | Altar of Kings |
| 30:42 | Farm |
| 31:06 | Siege Engine |
| 31:19 | Divine Shield |
| 31:52 | Mortar Team |
| 32:49 | Town Hall |
| 34:32 | Avatar |
| 34:39 | Siege Engine |
| 35:00 | Scroll of Town Portal |
| 35:32 | Mortar Team |
| 37:57 | Scroll of Town Portal |
| 38:36 | Mortar Team |
| Right click | 2158 |
| Select | 1042 |
| Select group | 266 |
| Chat | 163 |
| Build/train/purchase | 141 |
| Use ability | 61 |
| Misc. action | 43 |
| Minimap ping | 32 |
| Resource trade | 17 |
| Assign group | 8 |
| Remove unit | 1 |



x1)
| Orb of Fire | 1 | 325 |
| Staff of Sanctuary | 1 | 250 |
| Scroll of Town Portal | 2 | 700 |
| Boots of Speed | 2 | 500 |
| Potion of Lesser Invulnerability | 1 | 150 |
| Staff of Teleportation | 1 | 150 |
| Tome of Retraining | 1 | 300 |
| total: | 9 | 2375g |
| Peasant | 18 | 1350 | / | 0 |
| Footman | 8 | 1080 | / | 0 |
| Dragonhawk Rider | 22 | 4400 | / | 660 |
| Gryphon Rider | 1 | 280 | / | 70 |
| Siege Engine | 12 | 2340 | / | 720 |
| Mortar Team | 2 | 360 | / | 140 |
| Knight | 4 | 980 | / | 240 |
| Flying Machine | 1 | 100 | / | 30 |
| Goblin Shredder | 1 | 375 | / | 100 |
| Goblin Zeppelin | 3 | 720 | / | 180 |
| total: | 72 | 11985g | / | 2140w |
| Scout Tower | 24 | 720 | / | 480 |
| Guard Tower | 17 | 1190 | / | 850 |
| Lumber Mill | 4 | 480 | / | 0 |
| Altar of Kings | 1 | 180 | / | 50 |
| Farm | 13 | 1040 | / | 260 |
| Barracks | 2 | 320 | / | 120 |
| Arcane Vault | 2 | 260 | / | 60 |
| Town Hall | 3 | 1155 | / | 615 |
| Blacksmith | 2 | 280 | / | 120 |
| Cannon Tower | 3 | 360 | / | 300 |
| Gryphon Aviary | 2 | 280 | / | 300 |
| Workshop | 3 | 420 | / | 420 |
| Keep | 1 | 320 | / | 210 |
| Castle | 1 | 360 | / | 210 |
| total: | 56 | 5135g | / | 2425w |
| 0:02 | Peasant |
| 0:02 | Peasant |
| 0:18 | Lumber Mill |
| 0:19 | Peasant |
| 0:30 | Peasant |
| 0:33 | Altar of Kings |
| 0:47 | Peasant |
| 0:48 | Farm |
| 0:49 | Farm |
| 0:59 | Barracks |
| 1:05 | Peasant |
| 1:05 | Peasant |
| 1:16 | Farm |
| 1:19 | Improved Lumber Harvesting |
| 1:28 | Peasant |
| 1:40 | Peasant |
| 1:44 | Farm |
| 1:54 | Peasant |
| 2:00 | Footman |
| 2:05 | Peasant |
| 2:17 | Footman |
| 2:17 | Footman |
| 2:31 | Footman |
| 2:32 | Summon Water Elemental |
| 2:40 | Peasant |
| 2:40 | Peasant |
| 2:47 | Peasant |
| 2:57 | Footman |
| 3:16 | Farm |
| 3:48 | Keep |
| 3:51 | Brilliance Aura |
| 3:56 | Footman |
| 4:00 | Arcane Vault |
| 4:26 | Town Hall |
| 4:30 | Scout Tower |
| 4:31 | Scout Tower |
| 4:33 | Scout Tower |
| 4:35 | Scout Tower |
| 4:47 | Summon Water Elemental |
| 4:52 | Farm |
| 4:53 | Footman |
| 5:00 | Guard Tower |
| 5:11 | Guard Tower |
| 5:22 | Scout Tower |
| 5:23 | Scout Tower |
| 5:47 | Defend |
| 5:52 | Guard Tower |
| 5:55 | Guard Tower |
| 6:23 | Advanced Lumber Harvesting |
| 6:25 | Peasant |
| 6:25 | Peasant |
| 6:41 | Castle |
| 6:58 | Barracks |
| 7:00 | Peasant |
| 7:04 | Lumber Mill |
| 7:05 | Lumber Mill |
| 7:12 | Blacksmith |
| 7:21 | Blacksmith |
| 7:36 | Footman |
| 7:38 | Peasant |
| 8:12 | Farm |
| 8:18 | Gryphon Aviary |
| 8:56 | Scout Tower |
| 8:57 | Scout Tower |
| 9:03 | Gryphon Aviary |
| 9:05 | Farm |
| 9:30 | Storm Bolt |
| 9:45 | Boots of Speed |
| 9:46 | Boots of Speed |
| 9:46 | Potion of Lesser Invulnerability |
| 9:48 | Staff of Teleportation |
| 9:52 | Cloud |
| 10:09 | Animal War Training |
| 10:19 | Guard Tower |
| 10:23 | Scout Tower |
| 10:24 | Scout Tower |
| 10:24 | Scout Tower |
| 10:25 | Scout Tower |
| 10:26 | Scout Tower |
| 10:27 | Scout Tower |
| 10:41 | Scout Tower |
| 10:41 | Scout Tower |
| 10:42 | Scout Tower |
| 10:51 | Scroll of Town Portal |
| 10:51 | Orb of Fire |
| 10:52 | Staff of Sanctuary |
| 10:58 | Goblin Shredder |
| 11:13 | Dragonhawk Rider |
| 11:38 | Lumber Mill |
| 12:09 | Dragonhawk Rider |
| 12:09 | Gryphon Rider |
| 12:17 | Guard Tower |
| 12:28 | Workshop |
| 12:33 | Scout Tower |
| 12:48 | Farm |
| 13:03 | Cannon Tower |
| 13:06 | Cannon Tower |
| 13:15 | Holy Light |
| 13:23 | Guard Tower |
| 13:24 | Guard Tower |
| 13:42 | Scroll of Town Portal |
| 13:46 | Guard Tower |
| 13:54 | Scout Tower |
| 13:55 | Scout Tower |
| 14:15 | Workshop |
| 14:16 | Workshop |
| 14:20 | Improved Masonry |
| 14:22 | Scout Tower |
| 14:23 | Scout Tower |
| 14:24 | Scout Tower |
| 14:27 | Scout Tower |
| 14:53 | Guard Tower |
| 15:05 | Guard Tower |
| 15:09 | Guard Tower |
| 15:19 | Barrage |
| 15:32 | Siege Engine |
| 15:42 | Advanced Masonry |
| 15:57 | Siege Engine |
| 16:05 | Siege Engine |
| 16:05 | Siege Engine |
| 16:22 | Siege Engine |
| 16:38 | Dragonhawk Rider |
| 17:03 | Dragonhawk Rider |
| 17:17 | Dragonhawk Rider |
| 17:29 | Tome of Retraining |
| 17:29 | Retrain Hero |
| 17:31 | Blizzard |
| 17:32 | Brilliance Aura |
| 17:46 | Siege Engine |
| 17:54 | Farm |
| 17:54 | Farm |
| 18:21 | Dragonhawk Rider |
| 18:37 | Mortar Team |
| 19:20 | Knight |
| 19:51 | Knight |
| 19:51 | Knight |
| 20:30 | Flare |
| 20:30 | Fragmentation Shards |
| 20:37 | Siege Engine |
| 20:37 | Siege Engine |
| 20:51 | Farm |
| 20:51 | Farm |
| 21:02 | Dragonhawk Rider |
| 21:29 | Dragonhawk Rider |
| 21:54 | Mortar Team |
| 22:29 | Dragonhawk Rider |
| 22:49 | Dragonhawk Rider |
| 23:07 | Dragonhawk Rider |
| 23:07 | Dragonhawk Rider |
| 23:37 | Dragonhawk Rider |
| 23:37 | Dragonhawk Rider |
| 24:16 | Dragonhawk Rider |
| 24:17 | Dragonhawk Rider |
| 25:05 | Siege Engine |
| 25:05 | Siege Engine |
| 25:37 | Siege Engine |
| 25:58 | Bash |
| 26:13 | Arcane Vault |
| 26:14 | Imbued Masonry |
| 26:27 | Black Gunpowder |
| 27:21 | Flying Machine |
| 29:38 | Goblin Zeppelin |
| 30:16 | Divine Shield |
| 30:54 | Brilliance Aura |
| 31:48 | Town Hall |
| 37:33 | Goblin Zeppelin |
| 38:05 | Dragonhawk Rider |
| 38:41 | Dragonhawk Rider |
| 39:12 | Dragonhawk Rider |
| 39:12 | Dragonhawk Rider |
| 40:32 | Siege Engine |
| 40:44 | Goblin Zeppelin |
| 41:19 | Knight |
| 42:06 | Town Hall |
| 42:42 | Dragonhawk Rider |
| 42:42 | Dragonhawk Rider |
| Right click | 2325 |
| Select group | 1984 |
| Select | 773 |
| Build/train/purchase | 210 |
| Assign group | 172 |
| Use ability | 139 |
| Misc. action | 100 |
| Minimap ping | 27 |
| Item give/drop | 12 |
| Resource trade | 10 |
| Esc | 8 |


| Orb of Venom | 1 | 325 |
| Potion of Healing | 1 | 150 |
| Boots of Speed | 1 | 250 |
| Potion of Lesser Invulnerability | 1 | 150 |
| total: | 4 | 875g |
| Wisp | 53 | 3180 | / | 0 |
| Huntress | 5 | 975 | / | 100 |
| Hippogryph | 33 | 5280 | / | 660 |
| Chimaera | 9 | 2970 | / | 630 |
| total: | 100 | 12405g | / | 1390w |
| Ancient Protector | 27 | 3645 | / | 2160 |
| Altar of Elders | 1 | 180 | / | 50 |
| Moon Well | 7 | 1260 | / | 280 |
| Hunter's Hall | 1 | 210 | / | 100 |
| Ancient of War | 1 | 150 | / | 60 |
| Tree of Life | 6 | 2040 | / | 1110 |
| Ancient of Wonders | 2 | 180 | / | 60 |
| Ancient of Wind | 3 | 450 | / | 420 |
| Chimaera Roost | 2 | 280 | / | 380 |
| Tree of Ages | 1 | 320 | / | 180 |
| Tree of Eternity | 1 | 330 | / | 200 |
| total: | 50 | 8395g | / | 4620w |
| 0:02 | Wisp |
| 0:06 | Altar of Elders |
| 0:11 | Moon Well |
| 0:19 | Wisp |
| 0:29 | Wisp |
| 0:38 | Wisp |
| 0:46 | Wisp |
| 1:15 | Hunter's Hall |
| 1:20 | Wisp |
| 1:40 | Ancient of War |
| 1:41 | Wisp |
| 2:01 | Moon Well |
| 2:04 | Shadow Strike |
| 2:12 | Wisp |
| 2:31 | Moon Well |
| 2:33 | Wisp |
| 2:47 | Huntress |
| 3:28 | Huntress |
| 3:30 | Wisp |
| 3:45 | Tree of Ages |
| 4:05 | Huntress |
| 4:29 | Huntress |
| 4:53 | Blink |
| 5:04 | Huntress |
| 5:06 | Ancient Protector |
| 5:08 | Ancient Protector |
| 5:30 | Ancient Protector |
| 5:33 | Ancient Protector |
| 5:57 | Boots of Speed |
| 6:22 | Moon Glaive |
| 6:24 | Wisp |
| 6:42 | Wisp |
| 7:08 | Wisp |
| 7:23 | Wisp |
| 7:36 | Tree of Life |
| 7:46 | Shadow Strike |
| 8:02 | Wisp |
| 8:07 | Trueshot Aura |
| 8:19 | Wisp |
| 8:25 | Strength of the Wild |
| 8:26 | Ancient of Wind |
| 8:30 | Ancient Protector |
| 9:34 | Hippogryph |
| 9:38 | Tree of Eternity |
| 9:40 | Ancient of Wind |
| 9:48 | Ancient Protector |
| 9:50 | Wisp |
| 10:30 | Hippogryph |
| 10:35 | Wisp |
| 10:35 | Wisp |
| 10:59 | Hippogryph |
| 11:02 | Wisp |
| 11:16 | Improved Strength of the Wild |
| 11:54 | Hippogryph |
| 11:55 | Moon Well |
| 12:07 | Moon Well |
| 13:20 | Wisp |
| 13:44 | Hippogryph |
| 13:47 | Reinforced Hides |
| 13:50 | Moon Well |
| 13:53 | Hippogryph |
| 14:12 | Hippogryph |
| 14:31 | Ancient Protector |
| 14:32 | Ancient Protector |
| 14:33 | Ancient Protector |
| 14:34 | Wisp |
| 14:34 | Wisp |
| 14:34 | Wisp |
| 14:34 | Wisp |
| 15:04 | Ancient Protector |
| 15:05 | Wisp |
| 16:00 | Hippogryph |
| 16:12 | Hippogryph |
| 16:33 | Wisp |
| 16:33 | Wisp |
| 16:48 | Hippogryph |
| 17:38 | Wisp |
| 18:11 | Hippogryph |
| 18:15 | Advanced Strength of the Wild |
| 18:17 | Ancient of Wind |
| 18:22 | Hippogryph |
| 18:33 | Ancient of Wonders |
| 18:52 | Chimaera Roost |
| 18:54 | Chimaera Roost |
| 19:15 | Hippogryph |
| 20:13 | Hippogryph |
| 20:25 | Chimaera |
| 20:25 | Chimaera |
| 20:31 | Orb of Venom |
| 20:35 | Potion of Healing |
| 20:45 | Hippogryph |
| 21:04 | Hippogryph |
| 21:11 | Chimaera |
| 21:38 | Hippogryph |
| 21:42 | Chimaera |
| 21:52 | Corrosive Breath |
| 22:02 | Hippogryph |
| 22:42 | Chimaera |
| 22:43 | Improved Reinforced Hides |
| 22:59 | Hippogryph |
| 23:12 | Blink |
| 23:16 | Hippogryph |
| 23:50 | Hippogryph |
| 24:16 | Hippogryph |
| 24:18 | Chimaera |
| 24:59 | Chimaera |
| 25:04 | Wisp |
| 25:05 | Ancient Protector |
| 25:06 | Ancient Protector |
| 25:10 | Wisp |
| 25:13 | Wisp |
| 25:14 | Ancient Protector |
| 25:16 | Wisp |
| 25:40 | Hippogryph |
| 25:55 | Advanced Reinforced Hides |
| 26:25 | Hippogryph |
| 26:42 | Hippogryph |
| 26:58 | Hippogryph |
| 28:06 | Ancient Protector |
| 28:07 | Ancient Protector |
| 29:46 | Tree of Life |
| 30:23 | Ancient Protector |
| 30:25 | Ancient Protector |
| 30:30 | Tree of Life |
| 31:03 | Ancient Protector |
| 31:28 | Potion of Lesser Invulnerability |
| 31:58 | Hippogryph |
| 32:05 | Wisp |
| 32:05 | Wisp |
| 32:05 | Wisp |
| 32:05 | Wisp |
| 32:05 | Wisp |
| 32:07 | Searing Arrows |
| 32:11 | Wisp |
| 32:11 | Wisp |
| 32:11 | Wisp |
| 32:32 | Ancient Protector |
| 32:46 | Ancient of Wonders |
| 32:47 | Wisp |
| 32:51 | Wisp |
| 32:51 | Wisp |
| 32:51 | Wisp |
| 33:07 | Wisp |
| 33:07 | Wisp |
| 33:07 | Wisp |
| 33:23 | Hippogryph |
| 33:47 | Tree of Life |
| 33:56 | Ancient Protector |
| 34:10 | Ancient Protector |
| 34:10 | Wisp |
| 34:46 | Ancient Protector |
| 34:49 | Ancient Protector |
| 34:51 | Wisp |
| 34:52 | Ancient Protector |
| 34:58 | Ancient Protector |
| 35:00 | Wisp |
| 35:59 | Hippogryph |
| 37:39 | Hippogryph |
| 38:02 | Chimaera |
| 38:12 | Tree of Life |
| 38:14 | Tree of Life |
| 38:47 | Ancient Protector |
| 38:53 | Wisp |
| 39:02 | Ancient Protector |
| 39:04 | Wisp |
| 39:43 | Hippogryph |
| 39:45 | Chimaera |
| 39:56 | Moon Well |
| 41:16 | Hippogryph |
| 41:34 | Hippogryph |
| Right click | 1736 |
| Select group | 1509 |
| Select | 800 |
| Misc. action | 298 |
| Build/train/purchase | 173 |
| Assign group | 110 |
| Use ability | 103 |
| Resource trade | 51 |
| Remove unit | 8 |
| Esc | 8 |
| Item give/drop | 7 |
| Chat | 6 |



| Rod of Necromancy | 3 | 450 |
| Orb of Corruption | 1 | 375 |
| Potion of Healing | 2 | 300 |
| Scroll of Healing | 1 | 250 |
| Dust of Appearance | 1 | 75 |
| Scroll of Town Portal | 4 | 1400 |
| Potion of Lesser Invulnerability | 1 | 150 |
| total: | 13 | 3000g |
| Acolyte | 5 | 375 | / | 0 |
| Ghoul | 3 | 360 | / | 0 |
| Crypt Fiend | 4 | 860 | / | 160 |
| Frost Wyrm | 10 | 3850 | / | 1200 |
| Goblin Shredder | 1 | 375 | / | 100 |
| Blue Drake | 1 | 365 | / | 80 |
| Blue Dragon | 1 | 745 | / | 200 |
| total: | 25 | 6930g | / | 1740w |
| Nerubian Tower | 2 | 200 | / | 40 |
| Spirit Tower | 6 | 870 | / | 240 |
| Graveyard | 1 | 215 | / | 0 |
| Crypt | 1 | 200 | / | 50 |
| Ziggurat | 13 | 1950 | / | 650 |
| Altar of Darkness | 1 | 180 | / | 50 |
| Tomb of Relics | 2 | 260 | / | 60 |
| Necropolis | 2 | 450 | / | 0 |
| Boneyard | 3 | 525 | / | 600 |
| Halls of the Dead | 1 | 320 | / | 210 |
| Black Citadel | 1 | 325 | / | 230 |
| total: | 23 | 3780g | / | 1410w |
| 0:02 | Acolyte |
| 0:03 | Acolyte |
| 0:20 | Graveyard |
| 0:22 | Crypt |
| 0:35 | Ziggurat |
| 0:49 | Altar of Darkness |
| 1:10 | Tomb of Relics |
| 1:26 | Ghoul |
| 1:43 | Ziggurat |
| 1:46 | Crypt Fiend |
| 1:54 | Ziggurat |
| 2:24 | Crypt Fiend |
| 2:56 | Crypt Fiend |
| 2:59 | Rod of Necromancy |
| 3:02 | Nerubian Tower |
| 3:06 | Death Coil |
| 3:32 | Crypt Fiend |
| 4:00 | Ghoul |
| 4:00 | Ghoul |
| 4:11 | Unholy Aura |
| 5:09 | Necropolis |
| 5:13 | Necropolis |
| 5:36 | Halls of the Dead |
| 5:41 | Rod of Necromancy |
| 6:22 | Death Coil |
| 6:47 | Goblin Shredder |
| 7:09 | Acolyte |
| 7:13 | Acolyte |
| 7:16 | Acolyte |
| 7:59 | Black Citadel |
| 8:12 | Ziggurat |
| 8:15 | Ziggurat |
| 8:20 | Ziggurat |
| 8:28 | Tomb of Relics |
| 8:51 | Scroll of Healing |
| 8:51 | Potion of Lesser Invulnerability |
| 9:04 | Impale |
| 9:12 | Web |
| 9:17 | Spirit Tower |
| 9:20 | Ziggurat |
| 11:00 | Unholy Aura |
| 11:28 | Blue Drake |
| 11:33 | Boneyard |
| 11:35 | Boneyard |
| 11:37 | Boneyard |
| 11:39 | Ziggurat |
| 11:43 | Creature Attack |
| 11:43 | Creature Carapace |
| 11:48 | Ziggurat |
| 11:56 | Nerubian Tower |
| 12:16 | Dust of Appearance |
| 12:22 | Spiked Carapace |
| 12:25 | Spirit Tower |
| 12:30 | Ziggurat |
| 12:33 | Spirit Tower |
| 12:44 | Frost Nova |
| 12:49 | Scroll of Town Portal |
| 12:53 | Orb of Corruption |
| 12:54 | Rod of Necromancy |
| 12:54 | Potion of Healing |
| 13:13 | Frost Wyrm |
| 14:22 | Ziggurat |
| 14:25 | Ziggurat |
| 14:30 | Frost Wyrm |
| 14:33 | Ziggurat |
| 14:46 | Frost Wyrm |
| 15:36 | Frost Wyrm |
| 16:29 | Scroll of Town Portal |
| 17:11 | Freezing Breath |
| 17:15 | Spirit Tower |
| 18:14 | Spiked Carapace |
| 18:26 | Death Coil |
| 18:43 | Frost Wyrm |
| 19:35 | Improved Creature Attack |
| 19:42 | Scroll of Town Portal |
| 19:43 | Potion of Healing |
| 20:05 | Frost Wyrm |
| 20:42 | Improved Creature Carapace |
| 20:44 | Frost Wyrm |
| 21:23 | Blue Dragon |
| 22:03 | Advanced Creature Attack |
| 22:20 | Frost Armor |
| 24:06 | Frost Wyrm |
| 25:04 | Advanced Creature Carapace |
| 25:48 | Spirit Tower |
| 25:52 | Spirit Tower |
| 29:16 | Frost Wyrm |
| 32:20 | Scroll of Town Portal |
| 38:01 | Frost Wyrm |
| 41:17 | Frost Nova |
| Right click | 1151 |
| Select group | 595 |
| Select | 326 |
| Chat | 100 |
| Build/train/purchase | 84 |
| Use ability | 58 |
| Minimap ping | 40 |
| Assign group | 33 |
| Resource trade | 9 |
| Item give/drop | 4 |